 Dungeon Crawl Stone Soup version 0.16.1-18-g436b03c (webtiles) character file.

4559 Ladykiller69 the Destroyer (level 9, -2/62 HPs)
             Began as a Demigod Wizard on May 4, 2015.
             Slain by a troll (10 damage)
             ... on level 10 of the Dungeon on May 8, 2015.
             The game lasted 01:01:40 (10713 turns).

Ladykiller69 the Destroyer (Demigod Wizard)        Turns: 10713, Time: 01:01:40

Health: -2/62      AC:  6    Str: 10    XL:     9   Next: 98%
Magic:  5/21       EV: 12    Int: 28    God:
Gold:   502        SH:  0    Dex: 14    Spells: 6 memorised, 0 levels left

rFire  . . .     SeeInvis .     F - -2 glaive (curse)
rCold  . . .     Clarity  +     a - +0 robe
rNeg   + . .     SustAb   +     (no shield)
rPois  .         Gourm    .     T - +2 helmet
rElec  .         Spirit   .     o - +0 cloak
rCorr  .         Warding  .     (no gloves)
rMut   .         Stasis   .     (no boots)
MR     .....                    D - amulet of clarity
Stlth  ++........               (no ring)
                                g - ring of positive energy

@: about to teleport, drained, not resistant to hostile enchantments, unstealthy
A: sustain abilities
a: no special abilities


You were on level 10 of the Dungeon.
You were near starving.

You visited 1 branch of the dungeon, and saw 10 of its levels.

You collected 502 gold pieces.

Inventory:

Hand weapons
 i - a +0 mace
 v - a +1 spear
 w - a +0 trident
 F - a cursed -2 glaive (weapon)
 M - the +4 arc blade {discharge, rElec}
   (You found it on level 5 of the Dungeon)

   It insulates you from electricity.
 R - a +1 spear of flaming
Missiles
 y - a throwing net (quivered)
Armour
 a - a +0 robe (worn)
 b - a +0 hat
 o - a +0 cloak (worn)
 T - a +2 helmet (worn)
Jewellery
 g - a ring of positive energy (left hand)
 h - an uncursed amulet of resist mutation
 u - an uncursed amulet of rage
 D - an amulet of clarity (around neck)
 I - a +4 ring of dexterity {unknown}
 J - an uncursed amulet of the gourmand {unknown}
 P - a cursed ring of positive energy
 U - an uncursed ring of protection from fire {unknown}
 X - a cursed ring of loudness {unknown}
Magical devices
 E - a wand of teleportation (0)
 O - a wand of digging (13)
 S - a wand of slowing (23)
Scrolls
 n - 3 scrolls of enchant weapon
 p - 9 scrolls of identify
 q - 6 scrolls of teleportation
 t - a scroll of enchant armour {unknown}
 B - a scroll of magic mapping {unknown}
 C - a scroll of fear {unknown}
 K - 3 scrolls of blinking {unknown}
 Q - 2 scrolls of remove curse
 W - a scroll of summoning {unknown}
 Z - a scroll of amnesia
Potions
 e - 5 potions of restore abilities
 f - a potion of flight {unknown}
 j - a potion of cure mutation {unknown}
 l - a potion of might {unknown}
 m - a potion of mutation {unknown}
 r - 5 potions of resistance {unknown}
 s - 10 potions of curing {unknown}
 x - a potion of poison {unknown}
 z - a potion of haste
 A - 2 potions of heal wounds {unknown}
 G - a potion of berserk rage {unknown}
 H - a potion of magic {unknown}
 L - 2 potions of brilliance {unknown}
 N - 3 potions of lignification {unknown}
Books
 c - a book of Minor Magic

   Spells                             Type                      Level
   a - Magic Dart                     Conjuration                  1
   b - Blink                          Translocation                2
   c - Call Imp                       Summoning                    2
   d - Repel Missiles                 Charms/Air                   2
   e - Slow                           Hexes                        2
   f - Conjure Flame                  Conjuration/Fire             3
   g - Mephitic Cloud                 Conjuration/Poison/Air       3
 V - a book of the Dragon

   Spells                             Type                      Level
   a - Flight                         Charms/Air                   3
   b - Cause Fear                     Hexes                        4
   c - Bolt of Fire                   Conjuration/Fire             6
   d - Dragon Form                    Transmutation                7
   e - Dragon's Call                  Summoning                    9
Comestibles
 d - 4 bread rations
 k - 6 meat rations


   Skills:
 + Level 6.0(5.9) Maces & Flails
 - Level 2.0(1.9) Dodging
 - Level 2.0(1.9) Stealth
 - Level 3.0(2.9) Spellcasting
 * Level 8.2(8.1) Conjurations
   Level 0.8(0.7) Summonings
 - Level 6.0(5.9) Translocations
 - Level 5.3(5.2) Fire Magic
 + Level 2.1(2.0) Air Magic
 + Level 2.1(2.0) Poison Magic


You couldn't memorise any spells.
You knew the following spells:

 Your Spells              Type           Power        Failure   Level  Hunger
a - Magic Dart            Conj           ####         1%          1    None
b - Blink                 Tloc           N/A          1%          2    #......
c - Mephitic Cloud        Conj/Pois/Air  ####....     6%          3    ###....
d - Conjure Flame         Conj/Fire      #####...     1%          3    ###....
e - Repel Missiles        Chrm/Air       #.....       10%         2    #......
f - Flight                Chrm/Air       #.........   17%         3    ###....


Dungeon Overview and Level Annotations

Branches:
Dungeon (10/15)            Temple (0/1) D:7
   Lair: D:8-11         Orc: D:9-12

Shops:
D:7 (   D:9 :

Annotations:
D:3 Alarkh's ghost, average DrTm


Innate Abilities, Weirdness & Mutations

Your attributes are resistant to harm.


Message History

You see here an arrow.
You open the door.
A shadow imp comes into view.
Found a shadowy altar of Dithmenos.
The centaur shoots an arrow.
The arrow hits you!
There is an open door here.
You see here an arrow.
Casting: Blink
Confirm with . or Enter, or press ? or * to list all spells.
You blink.
The centaur shoots an arrow.
The arrow hits you but does no damage.
The centaur shoots an arrow.
The arrow closely misses you.
The shadow imp lashes its tail.
The centaur shoots an arrow.
The arrow hits you!
* * * LOW HITPOINT WARNING * * *
Read which item? (? for menu, Esc to quit)
As you read the scroll of teleportation, it crumbles to dust.
You feel strangely unstable.
The centaur shoots an arrow.
The arrow hits you.
* * * LOW HITPOINT WARNING * * *
The troll closely misses you. The troll misses you. The troll claws you!
You die...

#### ##
#...####.###
#_..(..(...###.
#...#5.........
#####..T........
##.@..##$..
##.....#...
#.(........
.......#..........
......##c........
..... #.........
.[#..............
...##.......... .
#..........


You could see a troll, a centaur and a shadow imp.

Vanquished Creatures
  A hippogriff (D:7)
  8 yaks (D:9)
  A wyvern (D:9)
  A necrophage (D:6)
  A sky beast (D:6)
  2 phantoms
  A centaur (D:8)
  4 ogres
  4 giant frogs
  A big kobold (D:6)
  2 scorpions
  3 killer bees
  A water moccasin skeleton (D:5)
  9 wights
  2 goliath beetles (D:6)
  3 crimson imps
  2 quasits
  A centaur zombie (D:9)
  A giant frog zombie (D:5)
  2 jellies
  5 orc wizards
  An orc priest (D:9)
  2 hounds
  A giant frog skeleton (D:6)
  8 worker ants
  An iguana (D:6)
  A mummy (D:8)
  Terence (D:3)
  A worker ant zombie (D:9)
  13 gnolls
  10 adders
  5 shadow imps
  2 giant mites (D:7)
  A white imp (D:5)
  5 worms
  2 adder skeletons
  4 giant geckos
  An ooze (D:1)
  30 orcs
  A bat zombie (D:6)
  A giant cockroach (D:1)
  23 hobgoblins
  10 jackals
  22 kobolds
  2 quokkas
  26 bats
  5 giant newts
  A giant spore (D:7)
  19 goblins
  A goblin skeleton (D:8)
  A goblin zombie (D:5)
  4 hobgoblin zombies (D:5)
  A jackal zombie (D:6)
  A kobold skeleton (D:5)
  3 kobold zombies (D:5)
  17 rats
282 creatures vanquished.

Notes
Turn   | Place    | Note
--------------------------------------------------------------
     0 | D:1      | Ladykiller69, the Demigod Wizard, began the quest for the Orb.
     0 | D:1      | Reached XP level 1. HP: 14/14 MP: 4/4
   189 | D:1      | Reached skill level 1 in Conjurations
   366 | D:1      | Reached XP level 2. HP: 20/20 MP: 1/6
   429 | D:1      | Reached skill level 3 in Spellcasting
   856 | D:1      | Learned a level 2 spell: Blink
  1109 | D:2      | Reached XP level 3. HP: 22/26 MP: 3/9
  1125 | D:2      | Learned a level 3 spell: Mephitic Cloud
  1195 | D:2      | Found a blossoming altar of Fedhas.
  1595 | D:2      | Reached XP level 4. HP: 33/33 MP: 10/12
  1600 | D:2      | Learned a level 3 spell: Conjure Flame
  2438 | D:3      | Noticed Alarkh's ghost (average DrTm)
  2529 | D:2      | Reached skill level 1 in Translocations
  2838 | D:3      | Reached skill level 1 in Air Magic
  2838 | D:3      | Reached XP level 5. HP: 38/38 MP: 10/14
  2975 | D:3      | Reached skill level 4 in Conjurations
  2983 | D:3      | Reached skill level 1 in Fire Magic
  2983 | D:3      | Reached skill level 1 in Poison Magic
  3460 | D:4      | Noticed an ogre
  3464 | D:4      | Killed an ogre
  3464 | D:4      | Reached XP level 6. HP: 35/45 MP: 12/16
  3697 | D:5      | Entered Level 5 of the Dungeon
  3917 | D:4      | Noticed an ogre
  3923 | D:4      | Killed an ogre
  4009 | D:3      | Noticed Terence
  4183 | D:3      | Killed Terence
  4341 | D:5      | Found a burning altar of Makhleb.
  4387 | D:5      | Found a shattered altar of Ashenzari.
  4426 | D:5      | Reached skill level 1 in Maces & Flails
  4467 | D:5      | Found a shimmering altar of Xom.
  4611 | D:5      | Found a glowing golden altar of the Shining One.
  4680 | D:5      | Reached XP level 7. HP: 35/50 MP: 0/18
  5409 | D:5      | Reached skill level 5 in Conjurations
  5863 | D:6      | Found a shattered altar of Ashenzari.
  6199 | D:6      | Reached XP level 8. HP: 34/57 MP: 6/20
  6476 | D:6      | Reached skill level 5 in Fire Magic
  6660 | D:6      | Reached skill level 5 in Maces & Flails
  6694 | D:6      | Found an ancient bone altar of Kikubaaqudgha.
  6694 | D:6      | Found a snail-covered altar of Cheibriados.
  7536 | D:7      | Found Fenux's Antique Weapon Boutique.
  7675 | D:7      | Reached skill level 6 in Maces & Flails
  7769 | D:7      | Found a staircase to the Ecumenical Temple.
  7868 | D:7      | Reached XP level 9. HP: 62/62 MP: 17/21
  9263 | D:8      | Reached skill level 7 in Conjurations
  9762 | D:9      | Reached skill level 8 in Conjurations
 10320 | D:9      | Reached skill level 5 in Translocations
 10366 | D:9      | Found an opulent altar of Gozag.
 10593 | D:9      | Learned a level 2 spell: Repel Missiles
 10597 | D:9      | Learned a level 3 spell: Flight
 10631 | D:9      | Found Maita's Book Shop.
 10677 | D:10     | Entered Level 10 of the Dungeon
 10709 | D:10     | Found a shadowy altar of Dithmenos.
 10713 | D:10     | Slain by a troll

Action                   |  1- 3 |  4- 6 |  7- 9 || total
-------------------------+-------+-------+-------++-------
Melee: Mace              |    15 |       |       ||    15
       Trident           |       |    35 |       ||    35
       Spear             |       |     4 |       ||     4
       Glaive            |       |    64 |   326 ||   390
 Cast: Magic Dart        |    90 |   197 |   308 ||   595
       Mephitic Cloud    |     1 |    17 |    25 ||    43
       Blink             |       |     6 |    32 ||    38
       Conjure Flame     |       |     4 |    66 ||    70
  Use: Scroll            |       |     5 |     3 ||     8
 Stab: Confused          |       |     8 |    12 ||    20
  Eat: Chunk             |     2 |    12 |    15 ||    29
       Beef jerky        |       |       |     3 ||     3
       Pizza             |       |       |     1 ||     1
       Fruit             |       |       |     5 ||     5
